 Dungeon Crawl Stone Soup version 0.20.0-15-g7f486f2 (webtiles) character file.

1593 MTVSty1e the Basher (level 8, -9/46 HPs)
             Began as a Gargoyle Fighter on June 9, 2017.
             Mangled by an ogre
             ... wielding a +0 giant club
              (15 damage)
             ... on level 5 of the Dungeon.
             The game lasted 00:07:06 (4994 turns).

MTVSty1e the Basher (Gargoyle Fighter)              Turns: 4994, Time: 00:07:07

Health: -9/46      AC: 13    Str: 21    XL:     8   Next: 93%
Magic:  8/8        EV:  7    Int: 10    God:
Gold:   237        SH:  9    Dex:  9    Spells: 7/7 levels left

rFire    . . .     SeeInvis .   a - +0 flail
rCold    . . .     Gourm    .   c - +0 shield
rNeg     + . .     Faith    .   b - +0 scale mail
rPois    ∞         Spirit   .   g - +0 helmet
rElec    +         Reflect  .   (no cloak)
rCorr    .         Harm     .   (no gloves)
MR       .....                  (no boots)
Stlth    ..........             (no amulet)
Regen    0.2/turn               (no ring)
MPRegen  0.2/turn               (no ring)

@: no status effects
A: negative energy resistance 1, electricity resistance, unbreathing,
petrification resistance, rot immunity, AC +5
a: no special abilities


You were on level 5 of the Dungeon.
You were not hungry.

You visited 1 branch of the dungeon, and saw 5 of its levels.

You collected 237 gold pieces.

Inventory:

Hand Weapons
 a - a +0 flail (weapon)
Armour
 b - a +0 scale mail (worn)
 c - a +0 shield (worn)
 g - a +0 helmet (worn)
Scrolls
 e - 3 scrolls of identify
 i - 2 scrolls of fog
 k - 2 scrolls of remove curse
 m - 5 scrolls of teleportation
Potions
 d - a potion of heal wounds {unknown}
 h - a potion of degeneration {unknown}
 j - a potion of flight
 n - 2 potions of invisibility
 o - a potion of curing {unknown}
 r - a potion of might
 s - a potion of haste {unknown}
Comestibles
 f - 5 bread rations
 l - 3 royal jellies


   Skills:
 - Level 3.2 Fighting
 + Level 11.0 Maces & Flails
 - Level 3.2 Armour
 - Level 3.2 Shields


You had 7 spell levels left.
You didn't know any spells.

Dungeon Overview and Level Annotations

Branches:
Dungeon (5/15)
 Temple: D:4-7

Altars:
Fedhas
Hepliaklqana
Kikubaaqudgha
Qazlal
Xom
Yredelemnul
Zin

Shops:
D:5 (


Innate Abilities, Weirdness & Mutations

You are resistant to torment.
Your stone body is resilient. (AC +5)
You are immune to poison.
You resist negative energy. (rN+)
You are resistant to electric shocks. (rElec)
You can survive without breathing.
You are immune to petrification.
You are immune to rotting.


Message History

The ogre hits you with a giant club.
An ogre is nearby!
An ogre is nearby!
An ogre is nearby!
An ogre is nearby!
You barely miss the ogre.
The ogre is heavily wounded.
An ogre is nearby!
You hit the ogre.
The ogre is severely wounded.
The ogre hits you with a giant club!!
* * * LOW HITPOINT WARNING * * *
An ogre is nearby!
You are too injured to fight recklessly!
You are too injured to fight recklessly!
You are too injured to fight recklessly!
You hit the ogre.
The ogre is severely wounded.
The ogre hits you with a giant club!
You die...

############. ##
###...>.......
... #...........#
### #.......$$..#
#
##.......=...##.
#
#...............
# #...@O....# #
#.#.#..##... #
######.#.#......
#
#......#.##......
# # #.####.#.#
###.#. ..
#.#.#####.# ...
#.......#.#....
#.#..†.........
#...........#


You could see an ogre.

Vanquished Creatures
  Grinder (D:3)
  The ghost of Loke the Sneak, an amateur HaEn (D:4)
  Sigmund (D:2)
  A phantom (D:4)
  3 ogres
  A howler monkey (D:4)
  A centaur zombie (D:4)
  A crimson imp (D:5)
  2 hounds (D:4)
  A centaur skeleton (D:4)
  Jessica (D:3)
  Natasha (thrice) (D:3)
  5 worker ants
  2 iguanas
  3 orc wizards (D:4)
  A hound skeleton (D:5)
  6 adders
  An ooze (D:3)
  4 worms
  3 dart slugs
  3 leopard geckos
  9 orcs
  2 ball pythons
  5 bats
  3 giant cockroaches
  9 goblins
  9 hobgoblins
  6 jackals
  3 quokkas
  4 frilled lizards
  A jackal skeleton (D:5)
  A jackal zombie (D:5)
  6 kobolds
  A leopard gecko skeleton (D:4)
  3 rats
107 creatures vanquished.

Notes
Turn   | Place    | Note
-------+----------+-------------------------------------------
     0 | D:1      | MTVSty1e the Gargoyle Fighter began the quest for the Orb.
     0 | D:1      | Reached XP level 1. HP: 14/14 MP: 1/1
    76 | D:1      | Found a shimmering altar of Xom.
   134 | D:1      | Reached XP level 2. HP: 10/19 MP: 2/2
   490 | D:1      | Reached skill level 3 in Maces & Flails
   910 | D:1      | Reached XP level 3. HP: 22/23 MP: 3/3
  1073 | D:2      | Noticed Sigmund
  1084 | D:2      | Killed Sigmund
  1084 | D:2      | Reached skill level 5 in Maces & Flails
  1084 | D:2      | Reached XP level 4. HP: 18/28 MP: 4/4
  1084 | D:2      | Reached XP level 5. HP: 21/32 MP: 5/5
  1335 | D:2      | Reached skill level 6 in Maces & Flails
  1414 | D:2      | Reached XP level 6. HP: 37/37 MP: 6/6
  1540 | D:2      | Found a basalt altar of Yredelemnul.
  1636 | D:2      | Found a stormy altar of Qazlal.
  1914 | D:3      | Noticed Jessica
  1936 | D:3      | Killed Jessica
  1978 | D:3      | Noticed Natasha
  1996 | D:3      | Killed Natasha
  2265 | D:3      | Noticed Natasha
  2281 | D:3      | Killed Natasha
  2288 | D:3      | Noticed Grinder
  2299 | D:3      | Paralysed by Grinder for 6 turns
  2312 | D:3      | Killed Grinder
  2312 | D:3      | Reached skill level 7 in Maces & Flails
  2312 | D:3      | Reached XP level 7. HP: 13/41 MP: 7/7
  2532 | D:3      | Noticed Natasha
  2540 | D:3      | Killed Natasha
  2798 | D:3      | Reached skill level 8 in Maces & Flails
  2926 | D:3      | Found a faded altar of an unknown god.
  3184 | D:3      | HP: 1/41 [iguana (9)]
  3463 | D:4      | Found a hazy altar of Hepliaklqana.
  3520 | D:4      | Found a blossoming altar of Fedhas.
  3522 | D:4      | Found an ancient bone altar of Kikubaaqudgha.
  3545 | D:4      | Noticed Loke's ghost (amateur HaEn)
  3560 | D:4      | Killed Loke's ghost
  3560 | D:4      | Reached skill level 9 in Maces & Flails
  3560 | D:4      | Reached XP level 8. HP: 32/46 MP: 8/8
  3887 | D:4      | Reached skill level 10 in Maces & Flails
  4236 | D:4      | Found a glowing silver altar of Zin.
  4748 | D:5      | Entered Level 5 of the Dungeon
  4761 | D:5      | Found Maxumoam's Weapon Emporium.
  4823 | D:5      | Found a shimmering altar of Xom.
  4972 | D:5      | Reached skill level 11 in Maces & Flails
  4994 | D:5      | Mangled by an ogre

Skill      XL: |  1  2  3  4  5  6  7  8 |
---------------+-------------------------+-----
Maces & Flails | 3 5 6 7 9 11 | 11.0
Fighting       | |  3.2
Armour         | |  3.2
Shields        | |  3.2

Action                   |  1- 3 |  4- 6 |  7- 9 || total
-------------------------+-------+-------+-------++-------
Melee: Flail             |    86 |   151 |   272 ||   509
  Use: Potion            |     1 |     1 |     2 ||     4
       Scroll            |       |       |     8 ||     8
  Eat: Chunk             |       |     1 |     2 ||     3
       Bread ration      |       |     1 |     1 ||     2
       Meat ration       |       |       |     1 ||     1
Armor: Scale mail        |    46 |   104 |   154 ||   304
Dodge: Dodged            |    20 |    33 |    71 ||   124
Block: Shield            |    41 |    80 |   108 ||   229
